 Dungeon Crawl Stone Soup version 0.23.2-40-g277498a001 (webtiles) character file.

Game seed: 11178519218811645519

58 Aggronaut the Vexing (level 3, -9/24 HPs)
             Began as a Vampire Enchanter on Oct 3, 2019.
             Mangled by Terence
             ... wielding a +0 morningstar
              (10 damage)
             ... on level 2 of the Dungeon.
             The game lasted 00:05:50 (3181 turns).

Aggronaut the Vexing (Vampire Enchanter)            Turns: 3181, Time: 00:05:51

Health: -9/24      AC:  5    Str:  7    XL:     3   Next: 75%
Magic:  2/6        EV: 10    Int: 17    God:
Gold:   78         SH:  0    Dex: 15    Spells: 3/6 levels left

rFire    . . .     SeeInvis +   i - +4 short sword
rCold    + + .     Gourm    .   (no shield)
rNeg     + + +     Faith    .   g - +0 ring mail
rPois    ∞         Spirit   .   (no helmet)
rElec    .         Reflect  .   (no cloak)
rCorr    .         Harm     .   (no gloves)
MR       .....                  (no boots)
Stlth    ++++......             (no amulet)
HPRegen  0.00/turn              (no ring)
MPRegen  0.10/turn              (no ring)

@: very slightly contaminated, bloodless, non-regenerating, hasted, very quick
A: fangs 3, see invisible, unbreathing
a: Bat Form


You were on level 2 of the Dungeon.
You were bloodless.

You visited 1 branch of the dungeon, and saw 2 of its levels.

You collected 78 gold pieces.

Inventory:

Hand Weapons
 a - a +1 dagger
 i - a +4 short sword (weapon)
Armour
 b - a +0 robe
 g - a +0 ring mail (worn)
Scrolls
 h - a scroll of remove curse {unknown}
Potions
 d - 3 potions of blood
 f - a potion of magic {unknown}


   Skills:
 + Level 1.1 Short Blades
 - Level 2.1 Dodging
 + Level 5.5 Stealth
 - Level 2.0 Spellcasting
 * Level 6.2 Hexes


You had 3 spell levels left.
You knew the following spells:

 Your Spells              Type           Power        Failure   Level  Hunger
a - Corona                Hex            ###....      5%          1    #......
b - Ensorcelled Hibernat  Hex/Ice        ##....       28%         2    ###....

Your spell library contained the following spells:

 Spells                   Type           Power        Failure   Level  Hunger
 Confuse                  Hex            ###.....     16%         3    ###....
 Tukima's Dance           Hex            ###.....     16%         3    ###....
 Dazzling Spray           Conj/Hex       ##....       50%         3    ###....


Dungeon Overview and Level Annotations

Branches:
Dungeon (2/15)

Altars:
Ru

Annotations:
D:2 Terence


Innate Abilities, Weirdness & Mutations

You do not heal naturally.
You are immune to poison.
You have razor-sharp teeth.
You have supernaturally acute eyesight. (SInv)
You can survive without breathing.


Message History

* * * LOW HITPOINT WARNING * * *
Casting: Ensorcelled Hibernation (safe; 28% risk of failure)
Confirm with . or Enter, or press ? or * to list all spells.
Aiming: Ensorcelled Hibernation (safe; 28% risk of failure)
Press: ? - help, Shift-Dir - straight line, f/p - Terence
Aim: Terence, wielding a +0 morningstar and wearing a +0 scale mail (chance to defeat MR: 51%) Terence looks drowsy...
The helpless Terence fails to defend himself.
You bite Terence, and draw his blood!
You feel better.
You feel slightly less thirsty.
You puncture Terence!
Terence is severely wounded.
Terence hits you with a +0 morningstar.
* * * LOW HITPOINT WARNING * * *
Casting: Ensorcelled Hibernation (safe; 28% risk of failure)
Confirm with . or Enter, or press ? or * to list all spells.
Aiming: Ensorcelled Hibernation (safe; 28% risk of failure)
Press: ? - help, Shift-Dir - straight line, f - you, p - Terence
Okay, then.
You feel yourself speed up. Terence hits you with a +0 morningstar!
You die...

*,*******########..####.###.##
*,,,* ##......<#.#* #...#.#
***,* #........#..* #.....###
*,* #........##.* #........
*,* #.#..#.####.###.###....
*,*****,#..#.# *..##.###.###
*,,,,,*,#....# *#.#.........
*,,,,,,,##.#######.##.##.....
**,,,,***#.@@................
*,,,,* #########....#(.#...
****** #.......#... *******
##.....####. *,,,,,*
#........... *,,,,,*
#....####### *,,,,,*
#.#<......#. *,,,,,*
#.#..####.#. ***,,,,,* #...>#
*,#.


You could see Terence.

Vanquished Creatures
  An adder (D:2)
  An ooze (D:1)
  An adder skeleton (D:2)
  A leopard gecko (D:1)
  6 bats
  7 goblins
  A hobgoblin (D:2)
  6 kobolds
  2 quokkas (D:2)
  9 frilled lizards
  9 rats
44 creatures vanquished.

Notes
Turn   | Place    | Note
-------+----------+-------------------------------------------
     0 | D:1      | Aggronaut the Vampire Enchanter began the quest for the
                  | Orb.
     0 | D:1      | Reached XP level 1. HP: 13/13 MP: 3/3
   416 | D:1      | Reached skill level 5 in Hexes
   416 | D:1      | Reached XP level 2. HP: 19/19 MP: 5/5
   618 | D:1      | Reached skill level 5 in Stealth
  1249 | D:2      | Learned a level 2 spell: Ensorcelled Hibernation
  1263 | D:2      | Reached XP level 3. HP: 24/24 MP: 6/6
  1382 | D:2      | Found a sacrificial altar of Ru.
  1510 | D:2      | Noticed Terence
  1527 | D:2      | Reached skill level 6 in Hexes
  3175 | D:2      | HP: 1/24 [Terence/+0 morningstar (6)]
  3181 | D:2      | Mangled by Terence

Skill      XL: |  1  2  3 |
---------------+----------+-----
Hexes          | 5 6 |  6.2
Stealth        | 5 |  5.5
Short Blades   | |  1.1
Dodging        | |  2.1
Spellcasting   | |  2.0

Action                   || total
-------------------------++-------
Melee: Dagger            ||   195
       Bite              ||    15
       Short sword       ||     1
 Cast: Ensorcelled Hiber ||     6
  Use: Potion            ||     2
       Scroll            ||     1
 Stab: Sleeping          ||    12
  Eat: Corpse            ||     2
Armor: Robe              ||    11
       Ring mail         ||    60
Dodge: Dodged            ||    99
